 Dungeon Crawl Stone Soup version bcrawl-1.21.3-2-g9d8a61a446 (webtiles) character file.

Game seed: 9913592363282346067

22 MisterOstroum the Ducker (level 2, 0/25 HPs)
             Began as a Hill Orc Martial Artist on Apr 16, 2020.
             Was a Follower of Wu Jian.
             Slain by an adder (2 damage)
             ... on level 2 of the Dungeon.
             The game lasted 00:01:17 (1121 turns).

MisterOstroum the Ducker (Hill Orc Martial Artist)  Turns: 1121, Time: 00:01:17

Health: 0/25       AC:  2    Str: 14    XL:     2   Next: 91%
Magic:  3/3        EV:  8    Int:  9    God:    Wu Jian [*.....]
Gold:   130        SH: 10    Dex: 13    Spells: 2/3 levels left

rFire    . . .     SeeInvis .     - Unarmed
rCold    . . .     Gourm    .   l - +0 large shield
rNeg     . . .     Faith    .   a - +0 robe
rPois    .         Spirit   .   (no helmet)
rElec    .         Reflect  .   (no cloak)
rCorr    .         Harm     .   (no gloves)
MR       .....                  (no boots)
Stlth    ++........             (no amulet)
HPRegen  0.08/turn              (no ring)
MPRegen  0.08/turn              (no ring)

@: lethally poisoned (0 -> -5)
A: no striking features
a: Wall Jump, Renounce Religion


You were on level 2 of the Dungeon.
You worshipped Wu Jian.
Wu Jian was aware of your devotion.
You were not hungry.

You visited 1 branch of the dungeon, and saw 2 of its levels.

You collected 130 gold pieces.

Inventory:

Missiles
 g - 436 stones (quivered)
 i - 225 bolts
 p - 78 arrows
Armour
 a - a +0 robe (worn)
 l - a +0 large shield (worn)
Jewellery
 m - a +3 ring of protection {unknown}
Scrolls
 d - a scroll of amnesia {unknown}
 f - a scroll of enchant weapon {unknown}
 k - 3 scrolls of blinking {unknown}
 n - a scroll of identify {unknown}
Potions
 b - a potion of agility {@q5 !q}
 c - a potion of lignification {unknown}
 h - a potion of curing {unknown}
 j - 2 potions of degeneration {unknown}
Comestibles
 e - 2 rations {!d}
 o - a chunk of flesh


   Skills:
 * Level 2.4 Fighting
   Level 2.4 Short Blades
   Level 2.4 Long Blades
   Level 2.4 Axes
   Level 2.4 Maces & Flails
   Level 2.4 Polearms
   Level 2.4 Staves
 + Level 2.4 Dodging
 - Level 2.3 Stealth
 + Level 0.1 Shields
   Level 2.4 Unarmed Combat
 - Level 1.0 Spellcasting
 - Level 1.0 Hexes


You had 2 spell levels left.
You knew the following spells:

 Your Spells              Type           Power        Failure   Level  Hunger
a - Confusing Touch       Hex            #.......     99%         1    ##.....
Your spell library was empty.

Dungeon Overview and Level Annotations

Branches:
Dungeon (2/12)

Altars:


Message History

Done exploring.
(D) Dungeon
Where to? (? - help)
There is a stone staircase leading down here.
You climb downwards.
Found 160 stones.
Found a stone staircase leading down.
There is a stone staircase leading up here.
Found a stone staircase leading down.
Found a hunting sling.
g - 239 stones (gained 160)
You see here a hunting sling.
g - 316 stones (gained 77)
g - 436 stones (gained 120)
You now have 105 gold pieces (gained 12).
Eating a chunk of flesh.
You eat the chunk of flesh.
This raw flesh tastes terrible.
Found a stone staircase leading down.
There is a stone staircase leading down here.
Found a stone staircase leading up.
No target in view!
No target in view!
No target in view!
No target in view!
Found a stone staircase leading up.
Found a dagger.
No target in view!
No target in view!
No target in view!
i - 225 bolts (gained 123)
n - a scroll labeled OFUGIUGR HELI A hobgoblin comes into view.
A hobgoblin is nearby!
The helpless hobgoblin fails to defend itself.
You hit the hobgoblin.
You kill the hobgoblin!
The Council accepts your kill.
No target in view!
No target in view!
No target in view!
No target in view!
No target in view!
No target in view!
No target in view!
No target in view!
You butcher the hobgoblin corpse.
o - a chunk of flesh You see here a hobgoblin skeleton. x2
There is a stone staircase leading up here.
You now have 130 gold pieces (gained 25).
p - 78 arrows Key pressed, stopping explore.
There is a stone staircase leading up here.
A ball python and an adder come into view.
A hobgoblin comes into view.
Found 9 gold pieces.
You lunge at the hobgoblin.
You hit the hobgoblin but do no damage.
The hobgoblin hits you but does no damage.
You hit the hobgoblin but do no damage. You block the hobgoblin's attack.
You hit the hobgoblin.
The hobgoblin is severely wounded.
The hobgoblin hits you.
You hit the hobgoblin.
You kill the hobgoblin!
The Council accepts your kill.
You see here a hobgoblin corpse.
You lunge at the adder.
The helpless adder fails to defend itself.
You hit the adder.
The adder is heavily wounded.
The adder bites you.
You closely miss the adder.
The adder is heavily wounded.
You block the adder's attack. The adder bites you.
You are poisoned.
The adder poisons you!
You are too injured to fight recklessly!
You are too injured to fight recklessly!
You are too injured to fight recklessly!
You are too injured to fight recklessly!
Casting: Confusing Touch (safe; 99% risk of failure)
Confirm with . or Enter, or press ? or * to list all spells.
You cannot use this spell with a shield!
You hit the adder.
The adder is heavily wounded.
You feel sick. The adder bites you.
You completely miss the adder.
The adder is heavily wounded.
The adder bites you.
* * * LOW HITPOINT WARNING * * *
You hit the adder.
The adder is almost dead.
The adder bites you.
* * * LOW HITPOINT WARNING * * *
You are lethally poisoned!
The adder poisons you! You block the adder's attack.
Your shield prevents you from hitting the adder.
The adder is almost dead.
* * * LOW HITPOINT WARNING * * *
You feel sick. You block the adder's attack. The adder bites you.
You die...

#..##.......##.
#...#.......##.
#...#......#.
##..##........
##..###....<.##
##..####......#.
##..##.....#...#.
##†.##..........<.
#@.##.######.####.
####.S.###.# #.#
#. #..##$##...#
#.# ##
#.#.###>#### #.#
#.#..##.# #.#
#.#.....# #÷#
#####.####..#
#.#####
#......###..#
#......
###.###.......#
######.


You could see an adder.

Vanquished Creatures
  A giant cockroach (D:1)
  4 hobgoblins
  2 bats (D:1)
  3 frilled lizards (D:1)
  3 goblins (D:1)
  4 kobolds (D:1)
  5 rats (D:1)
22 creatures vanquished.

Notes
Turn   | Place    | Note
-------+----------+-------------------------------------------
     0 | D:1      | MisterOstroum the Hill Orc Martial Artist began the quest
                  | for the Orb.
     0 | D:1      | Reached XP level 1. HP: 18/18 MP: 2/2
     8 | D:1      | Reached skill level 1 in Stealth
   315 | D:1      | Reached XP level 2. HP: 23/25 MP: 3/3
  1121 | D:2      | Slain by an adder

Skill      XL: |  1  2 |
---------------+-------+-----
Stealth        | 1 2 |  2.3
Fighting       | |  2.4
Short Blades   | |  2.4
Long Blades    | |  2.4
Axes           | |  2.4
Maces & Flails | |  2.4
Polearms       | |  2.4
Staves         | |  2.4
Dodging        | |  2.4
Shields        | |  0.1
Unarmed Combat | |  2.4
Spellcasting   | |  1.0
Hexes          | |  1.0

Action                   || total
-------------------------++-------
Melee: Unarmed           ||    97
 Cast: Confusing Touch   ||     2
Invok: Lunge             ||     8
 Stab: Sleeping          ||     3
       Confused          ||     1
  Eat: Chunk             ||     1
Armor: Robe              ||    19
Dodge: Dodged            ||    49
Block: Large shield      ||     8
